 Dungeon Crawl Stone Soup version 0.23.1-37-gaa34b87b72 (webtiles) character file.

Game seed: 8729344302239531518

625 GGGomer the Chopper (level 7, -1/60 HPs)
             Began as a Minotaur Fighter on Mar 24, 2019.
             Was an Initiate of Makhleb.
             Slain by a sky beast (5 damage)
             ... on level 6 of the Dungeon.
             The game lasted 00:10:11 (2858 turns).

GGGomer the Chopper (Minotaur Fighter)              Turns: 2858, Time: 00:10:12

Health: -1/60      AC:  9    Str: 22    XL:     7   Next: 23%
Magic:  6/6        EV:  5    Int:  5    God:    Makhleb [......]
Gold:   154        SH: 16    Dex: 10    Spells: 6/6 levels left

rFire    + . .     SeeInvis .   a - +1 war axe
rCold    x . .     Gourm    .   r - +1 large shield
rNeg     . . .     Faith    .   D - +0 chain mail
rPois    .         Spirit   .   (helmet restricted)
rElec    .         Reflect  .   (no cloak)
rCorr    .         Harm     .   (no gloves)
MR       .....                  (no boots)
Stlth    ..........             (no amulet)
HPRegen  0.20/turn              g - ring of flight
MPRegen  0.10/turn              s - ring of fire

@: no status effects
A: retaliatory headbutt, horns 2
a: Renounce Religion, Evoke Flight


You were on level 6 of the Dungeon.
You worshipped Makhleb.
Makhleb was noncommittal.
You were completely stuffed.

You visited 1 branch of the dungeon, and saw 6 of its levels.

You collected 154 gold pieces.

Inventory:

Hand Weapons
 a - a +1 war axe (weapon)
Missiles
 n - 3 javelins (quivered)
 o - 49 sling bullets
 p - 91 stones
 u - 42 arrows
 v - 34 bolts
Armour
 r - a +1 large shield (worn)
 D - a +0 chain mail (worn)
Jewellery
 g - a ring of flight (left hand)
 s - a ring of fire (right hand)
Scrolls
 b - a scroll of immolation {unknown}
 e - a scroll of identify
 h - a scroll of remove curse
 j - 5 scrolls of teleportation
 t - a scroll of amnesia
Potions
 c - a potion of mutation
 d - a potion of might
 l - 2 potions of invisibility
 m - 2 potions of degeneration {unknown}
 x - a potion of lignification {unknown}
 A - 2 potions of haste {unknown}
 B - a potion of magic {unknown}


   Skills:
 + Level 4.6 Fighting
 + Level 6.5 Axes
 + Level 5.4 Armour
 + Level 2.0 Dodging
 + Level 0.2 Stealth
 + Level 5.6 Shields


You had 6 spell levels left.
You didn't know any spells.
Your spell library was empty.

Dungeon Overview and Level Annotations

Branches:
Dungeon (7/15)
 Temple: D:4-7

Altars:
Makhleb


Innate Abilities, Weirdness & Mutations

You reflexively headbutt those who attack you in melee.
You have a pair of horns on your head.


Message History

The sky beast is moderately wounded.
Your shield and chain mail prevent you from hitting something.
You closely miss the orc wizard. You closely miss something.
Something hits you but does no damage. x2; You block the sky beast's attack.
You block the orc wizard's attack. Something hits you.
* * * LOW HITPOINT WARNING * * *
You hit the sky beast but do no damage.
The sky beast is moderately wounded.
You closely miss something. You miss the orc wizard.
You closely miss something. Something hits you but does no damage.
You block the sky beast's attack.
The orc wizard hits you with a +0 dagger.
* * * LOW HITPOINT WARNING * * *
You hear some strange, mumbled words.
Something tries to affect you, but you resist.
Something hits you but does no damage.
The sky beast flickers out of sight!
Something hits you.
* * * LOW HITPOINT WARNING * * *
Something shocks you.
You die...

.# .# . ###
.##.## ..
..# .#...#
.##.# .....
...# ....
##.##..#
####.[.#..#
#......>..#
#$#)@o.#..#
#{#{##..#
#.#o.#..#
#.#..#..#
..<..#..#
#.......#
####.#.##
.#.


You could see an orc wizard and an orc.

Vanquished Creatures
  Eustachio (D:4)
  An orc warrior (D:6)
  A scorpion (D:4)
  3 iron imps (D:3)
  Terence (D:2)
  3 worker ants
  5 adders
  2 oozes
  A worm (D:3)
  2 dart slugs (D:1)
  3 leopard geckos
  5 orcs
  6 giant cockroaches
  3 goblins
  9 hobgoblins
  4 jackals
  8 kobolds
  2 quokkas
  3 ball pythons
  12 bats
  5 frilled lizards
  A jackal skeleton (D:4)
  9 rats
90 creatures vanquished.

Notes
Turn   | Place    | Note
-------+----------+-------------------------------------------
     0 | D:1      | GGGomer the Minotaur Fighter began the quest for the Orb.
     0 | D:1      | Reached XP level 1. HP: 19/19 MP: 0/0
    63 | D:1      | Reached XP level 2. HP: 27/27 MP: 1/1
   764 | D:1      | Reached XP level 3. HP: 31/33 MP: 2/2
  1495 | D:2      | Noticed Terence
  1510 | D:2      | Reached skill level 3 in Axes
  1514 | D:2      | Killed Terence
  1514 | D:2      | Reached XP level 4. HP: 36/40 MP: 3/3
  2172 | D:3      | Reached skill level 4 in Axes
  2172 | D:3      | Reached XP level 5. HP: 46/46 MP: 4/4
  2216 | D:3      | Reached skill level 1 in Dodging
  2512 | D:3      | Found a burning altar of Makhleb.
  2528 | D:3      | Reached skill level 5 in Armour
  2622 | D:3      | Became a worshipper of Makhleb the Destroyer
  2702 | D:4      | Reached skill level 5 in Shields
  2702 | D:4      | Reached XP level 6. HP: 52/52 MP: 5/5
  2708 | D:4      | Noticed Eustachio
  2734 | D:4      | Killed Eustachio
  2734 | D:4      | Reached skill level 5 in Axes
  2794 | D:4      | You fall through a shaft for 3 floors!
  2808 | D:7      | Reached skill level 6 in Axes
  2823 | D:7      | Reached XP level 7. HP: 60/60 MP: 6/6
  2858 | D:6      | Slain by a sky beast

Skill      XL: |  1  2  3  4  5  6 |
---------------+-------------------+-----
Fighting       | 4 |  4.6
Armour         | 4 5 |  5.4
Shields        | 4 5 |  5.6
Axes           | 3 4 6 |  6.5
Dodging        | 1 2 |  2.0
Stealth        | |  0.2

Action                   |  1- 3 |  4- 6 |  7- 9 || total
-------------------------+-------+-------+-------++-------
Melee: War axe           |   103 |   112 |    23 ||   238
       Headbutt          |    16 |    17 |     2 ||    35
  Use: Scroll            |       |    10 |       ||    10
  Eat: Ration            |     3 |     2 |       ||     5
Armor: Scale mail        |    48 |    17 |       ||    65
       Chain mail        |       |    18 |    22 ||    40
Dodge: Dodged            |    43 |    17 |     1 ||    61
Block: Shield            |    50 |       |       ||    50
       Large shield      |     8 |    97 |    29 ||   134
